TOP OF THE 1ST |
Key West Barracudas batting - Pitching for Wichita Wranglers : LHP Dave McCoy
|
Pitching: LHP Dave McCoy
|
|
Batting: RHB Ramiro Javier
|
0-0: Ball 1-0: Hit by Pitch
|
Batting: RHB Ramón Díaz
|
0-0: Called Strike 0-1: Swinging Strike 0-2: Ball 1-2: Ball Ramiro Javier steals 2nd base 2-2: Strikes out looking
|
Batting: RHB Rob DeWitt
|
0-0: Called Strike Ramiro Javier steals 3rd base 0-1: Ball 1-1: Ground out 6-3 (Groundball, 6) Ramiro Javier scores
|
Batting: RHB Cris Lugo
|
0-0: Called Strike 0-1: Foul Ball, location: 2F 0-2: Strikes out looking
|
Top of the 1st over - 1 run, 0 hits, 0 errors, 0 left on base; Key West 1 - Wichita 0 |
BOTTOM OF THE 1ST |
Wichita Wranglers batting - Pitching for Key West Barracudas : RHP Bob Schneider
|
Pitching: RHP Bob Schneider
|
|
Batting: RHB José López
|
0-0: Called Strike 0-1: Ball 1-1: Foul Ball, location: 2F 1-2: SINGLE (Line Drive, 78M)
|
Batting: LHB Terry Neal
|
0-0: Called Strike 0-1: Ball 1-1: Ball 2-1: 2-RUN HOME RUN (Line Drive, 9LD), Distance : 359 ft
|
Batting: RHB Taylor Justice
|
0-0: Swinging Strike 0-1: Called Strike 0-2: Ball 1-2: Strikes out swinging
|
Batting: LHB Al Miller
|
0-0: Ball 1-0: Swinging Strike 1-1: Ball 2-1: Ball 3-1: Foul Ball, location: 2F 3-2: Foul Ball, location: 2F 3-2: Base on Balls
|
Batting: RHB Hubert MacDonald
|
0-0: Ball 1-0: Called Strike 1-1: Foul Ball, location: 2F 1-2: Foul Ball, location: 2F 1-2: Fly out, F7 (Line Drive, 78S)
|
Batting: RHB Henry Edwards
|
0-0: Ball 1-0: Ball Wild Pitch! Al Miller to second 2-0: Ball 3-0: Called Strike 3-1: Fly out, F7 (Flyball, 7)
|
Bottom of the 1st over - 2 runs, 2 hits, 0 errors, 1 left on base; Key West 1 - Wichita 2 |
TOP OF THE 2ND |
Key West Barracudas batting - Pitching for Wichita Wranglers : LHP Dave McCoy
|
Batting: SHB Brock Owens
|
0-0: Called Strike 0-1: Foul Ball, location: 2F 0-2: Strikes out swinging
|
Batting: LHB Howard White
|
0-0: Foul Ball, location: 2F 0-1: Foul Ball, location: 2F 0-2: Ball 1-2: Ball 2-2: Ball 3-2: Reached on error, E3 (Groundball, 3L)
|
Batting: RHB Anastasio Zartuche
|
0-0: Foul Ball, location: 2F 0-1: Swinging Strike 0-2: Ball 1-2: Grounds into double play, 5-4-3 (Groundball, 56)
|
Top of the 2nd over - 0 runs, 0 hits, 1 error, 0 left on base; Key West 1 - Wichita 2 |
BOTTOM OF THE 2ND |
Wichita Wranglers batting - Pitching for Key West Barracudas : RHP Bob Schneider
|
Batting: LHB Glenn Williamson
|
0-0: Ball 1-0: Ball 2-0: Ball 3-0: Called Strike 3-1: Base on Balls
|
Batting: RHB Oliver Todd
|
0-0: Ball 1-0: Foul Ball, location: 2F 1-1: Grounds into double play, 5-4-3 (Groundball, 56)
|
Batting: LHB John Lynch
|
0-0: SINGLE (Flyball, 7LM)
|
Batting: RHB José López
|
0-0: Ball John Lynch steals 2nd base 1-0: Ground out U3 (Groundball, 34)
|
Bottom of the 2nd over - 0 runs, 1 hit, 0 errors, 1 left on base; Key West 1 - Wichita 2 |
TOP OF THE 3RD |
Key West Barracudas batting - Pitching for Wichita Wranglers : LHP Dave McCoy
|
Batting: LHB Mauro Díaz
|
0-0: Called Strike 0-1: Ball 1-1: Foul Ball, location: 2F 1-2: Strikes out swinging
|
Batting: LHB Juan Lima
|
0-0: Called Strike 0-1: Ball 1-1: Ball 2-1: Called Strike 2-2: Ball 3-2: Foul Ball, location: 2F 3-2: Ground out 4-3 (Groundball, 4)
|
Batting: RHB Ramiro Javier
|
0-0: Called Strike 0-1: Ball 1-1: Foul Ball, location: 2F 1-2: Foul Ball, location: 2F 1-2: Strikes out swinging
|
Top of the 3rd over - 0 runs, 0 hits, 0 errors, 0 left on base; Key West 1 - Wichita 2 |
BOTTOM OF THE 3RD |
Wichita Wranglers batting - Pitching for Key West Barracudas : RHP Bob Schneider
|
Batting: LHB Terry Neal
|
0-0: Ball 1-0: Ball 2-0: Ball 3-0: Called Strike 3-1: Swinging Strike 3-2: SINGLE (Groundball, 5D)
|
Batting: RHB Taylor Justice
|
0-0: Ball 1-0: Called Strike 1-1: Ball 2-1: Grounds into double play, 4-6-3 (Groundball, 4)
|
Batting: LHB Al Miller
|
0-0: Reached on error, E4 (Groundball, 4)
|
Batting: RHB Hubert MacDonald
|
0-0: Ground out 1-3 (Groundball, 15S)
|
Bottom of the 3rd over - 0 runs, 1 hit, 1 error, 1 left on base; Key West 1 - Wichita 2 |
TOP OF THE 4TH |
Key West Barracudas batting - Pitching for Wichita Wranglers : LHP Dave McCoy
|
Batting: RHB Ramón Díaz
|
0-0: Foul Ball, location: 2F 0-1: Foul Ball, location: 2F 0-2: Strikes out swinging
|
Batting: RHB Rob DeWitt
|
0-0: Ball 1-0: Called Strike 1-1: Called Strike 1-2: Fly out, F7 (Flyball, 7)
|
Batting: RHB Cris Lugo
|
0-0: Called Strike 0-1: Ball 1-1: Called Strike 1-2: SINGLE (Groundball, 6MD)
|
Batting: SHB Brock Owens
|
0-0: Ball 1-0: Foul Ball, location: 2F 1-1: Ball 2-1: Foul Ball, location: 2F 2-2: Ball 3-2: Strikes out swinging
|
Top of the 4th over - 0 runs, 1 hit, 0 errors, 1 left on base; Key West 1 - Wichita 2 |
BOTTOM OF THE 4TH |
Wichita Wranglers batting - Pitching for Key West Barracudas : RHP Bob Schneider
|
Batting: RHB Henry Edwards
|
0-0: Called Strike 0-1: Swinging Strike 0-2: Foul Ball, location: 2F 0-2: Fly out, F7 (Flyball, 78S)
|
Batting: LHB Glenn Williamson
|
0-0: Swinging Strike 0-1: Foul Ball, location: 2F 0-2: Strikes out swinging
|
Batting: RHB Oliver Todd
|
0-0: Ball 1-0: Called Strike 1-1: Ball 2-1: Called Strike 2-2: Foul Ball, location: 2F 2-2: SINGLE (Line Drive, 7S)
|
Batting: LHB John Lynch
|
0-0: Ball Oliver Todd is caught stealing 2nd base
|
Bottom of the 4th over - 0 runs, 1 hit, 0 errors, 0 left on base; Key West 1 - Wichita 2 |
TOP OF THE 5TH |
Key West Barracudas batting - Pitching for Wichita Wranglers : LHP Dave McCoy
|
Batting: LHB Howard White
|
0-0: SINGLE (Groundball, 4MD)
|
Batting: RHB Anastasio Zartuche
|
0-0: Fielders Choice at 2nd, 6-4 (Groundball, 6)
|
Batting: LHB Mauro Díaz
|
0-0: Called Strike 0-1: Ball 1-1: Ball 2-1: Ball 3-1: Called Strike 3-2: Strikes out swinging
|
Batting: LHB Juan Lima
|
Balk! Anastasio Zartuche to second 0-0: Swinging Strike 0-1: Ball 1-1: Foul Ball, location: 2F 1-2: Ground out 4-3 (Groundball, 4M)
|
Top of the 5th over - 0 runs, 1 hit, 0 errors, 1 left on base; Key West 1 - Wichita 2 |
BOTTOM OF THE 5TH |
Wichita Wranglers batting - Pitching for Key West Barracudas : RHP Bob Schneider
|
Batting: LHB John Lynch
|
0-0: Foul Ball, location: 2F 0-1: Ball 1-1: Ball 2-1: SINGLE (Groundball, 6S) (infield hit)
|
Batting: RHB José López
|
0-0: Ball 1-0: Ball 2-0: Ball 3-0: Called Strike 3-1: Base on Balls John Lynch to second
|
Pitching: LHP José Mercado
|
|
Batting: LHB Terry Neal
|
0-0: Called Strike 0-1: Foul Ball, location: 2F 0-2: Strikes out swinging
|
Batting: RHB Taylor Justice
|
0-0: Called Strike John Lynch is caught stealing 3rd base 0-1: Ball 1-1: Called Strike 1-2: Ball 2-2: Ball José López steals 2nd base 3-2: Fly out, F9 (Flyball, 9S)
|
Bottom of the 5th over - 0 runs, 1 hit, 0 errors, 1 left on base; Key West 1 - Wichita 2 |
TOP OF THE 6TH |
Key West Barracudas batting - Pitching for Wichita Wranglers : LHP Dave McCoy
|
Batting: RHB Ramiro Javier
|
0-0: Ball 1-0: Called Strike 1-1: Foul Ball, location: 2F 1-2: Strikes out swinging
|
Pitching: RHP Héctor Bernard
|
|
Batting: RHB Ramón Díaz
|
0-0: Fly out, F8 (Flyball, 89M)
|
Batting: RHB Rob DeWitt
|
0-0: Ball 1-0: Ball 2-0: Called Strike 2-1: Foul Ball, location: 2F 2-2: Strikes out swinging
|
Top of the 6th over - 0 runs, 0 hits, 0 errors, 0 left on base; Key West 1 - Wichita 2 |
BOTTOM OF THE 6TH |
Wichita Wranglers batting - Pitching for Key West Barracudas : LHP José Mercado
|
Batting: LHB Al Miller
|
0-0: Called Strike 0-1: Called Strike 0-2: Ball 1-2: Ball 2-2: Strikes out swinging
|
Batting: RHB Hubert MacDonald
|
0-0: Ball 1-0: Hit by Pitch
|
Batting: RHB Henry Edwards
|
0-0: Called Strike 0-1: Ball 1-1: Ball 2-1: Ball 3-1: SINGLE (Flyball, 9S) Hubert MacDonald to second Runner from 2nd tries for 3rd, SAFE, throw made to third
|
Batting: LHB Glenn Williamson
|
0-0: Ball 1-0: Fly out, F7 (Flyball, 7) Runner from 3rd tags up, SCORES, throw made
|
Batting: RHB Oliver Todd
|
0-0: Ball 1-0: Ball 2-0: Called Strike 2-1: Ball Henry Edwards is caught stealing 2nd base
|
Bottom of the 6th over - 1 run, 1 hit, 0 errors, 0 left on base; Key West 1 - Wichita 3 |
TOP OF THE 7TH |
Key West Barracudas batting - Pitching for Wichita Wranglers : RHP Héctor Bernard
|
Batting: RHB Cris Lugo
|
0-0: Ball 1-0: TRIPLE (Line Drive, 8RXD)
|
Batting: SHB Brock Owens
|
0-0: Ball 1-0: Called Strike 1-1: Ball 2-1: Foul Ball, location: 2F 2-2: Foul Ball, location: 2F 2-2: Fly out, F9 (Flyball, 9LD) Runner from 3rd tags up, SCORES, throw made
|
Batting: LHB Howard White
|
0-0: Ball 1-0: Ball 2-0: Ball 3-0: Fly out, F9 (Line Drive, 9S)
|
Batting: RHB Anastasio Zartuche
|
0-0: Called Strike 0-1: Ground out 5-3 (Groundball, 56)
|
Top of the 7th over - 1 run, 1 hit, 0 errors, 0 left on base; Key West 2 - Wichita 3 |
BOTTOM OF THE 7TH |
Wichita Wranglers batting - Pitching for Key West Barracudas : LHP José Mercado
|
Batting: RHB Oliver Todd
|
0-0: Called Strike 0-1: Ground out 6-3 (Groundball, 56)
|
Batting: LHB John Lynch
|
0-0: Called Strike 0-1: Swinging Strike 0-2: Strikes out looking
|
Batting: RHB José López
|
0-0: Fly out, F8 (Flyball, 8RXD)
|
Bottom of the 7th over - 0 runs, 0 hits, 0 errors, 0 left on base; Key West 2 - Wichita 3 |
TOP OF THE 8TH |
Key West Barracudas batting - Pitching for Wichita Wranglers : RHP Héctor Bernard
|
Now in RF: Dan Dunn
|
|
Batting: LHB Mauro Díaz
|
0-0: Called Strike 0-1: Called Strike 0-2: Ball 1-2: Ground out 1-3 (Groundball, 15)
|
Batting: LHB Juan Lima
|
0-0: Ball 1-0: Reached on error, E4 (Groundball, 4)
|
Pitching: RHP Jeff Valdés
|
|
Batting: RHB Ramiro Javier
|
0-0: Swinging Strike 0-1: Foul Ball, location: 2F 0-2: Ball 1-2: Ball Wild Pitch! Juan Lima to second 2-2: Foul Ball, location: 2F 2-2: Ball 3-2: Base on Balls
|
Batting: RHB Ramón Díaz
|
0-0: Ball 1-0: Foul Ball, location: 2F 1-1: DOUBLE (Groundball, 3L) Juan Lima scores Ramiro Javier to third Runner from 3rd tries for Home, SAFE, throw made at trailing runner, OUT at third!
|
Batting: RHB Rob DeWitt
|
0-0: Foul Ball, location: 2F 0-1: Ball 1-1: Ball 2-1: Fly out, F9 (Line Drive, 89M)
|
Top of the 8th over - 2 runs, 1 hit, 1 error, 0 left on base; Key West 4 - Wichita 3 |
BOTTOM OF THE 8TH |
Wichita Wranglers batting - Pitching for Key West Barracudas : LHP José Mercado
|
Batting: LHB Terry Neal
|
0-0: Called Strike 0-1: SINGLE (Line Drive, 56D)
|
Batting: RHB Taylor Justice
|
0-0: Grounds into double play, 1-4-3 (Groundball, 15S)
|
Batting: LHB Al Miller
|
0-0: Ball 1-0: Called Strike 1-1: Ball 2-1: Foul Ball, location: 2F 2-2: Foul Ball, location: 2F 2-2: Ground out 5-3 (Groundball, 56)
|
Bottom of the 8th over - 0 runs, 1 hit, 0 errors, 0 left on base; Key West 4 - Wichita 3 |
TOP OF THE 9TH |
Key West Barracudas batting - Pitching for Wichita Wranglers : RHP Jeff Valdés
|
Pitching: LHP Pedro Rodríguez
|
|
Batting: RHB Cris Lugo
|
0-0: Called Strike 0-1: Swinging Strike 0-2: Ball 1-2: Strikes out swinging
|
Batting: SHB Brock Owens
|
0-0: Called Strike 0-1: Ball 1-1: Foul Ball, location: 2F 1-2: Ball 2-2: Strikes out looking
|
Batting: LHB Howard White
|
0-0: Called Strike 0-1: Ball 1-1: Swinging Strike 1-2: Ground out U3 (Groundball, 3)
|
Top of the 9th over - 0 runs, 0 hits, 0 errors, 0 left on base; Key West 4 - Wichita 3 |
BOTTOM OF THE 9TH |
Wichita Wranglers batting - Pitching for Key West Barracudas : LHP José Mercado
|
Batting: RHB Hubert MacDonald
|
0-0: Ball 1-0: Swinging Strike 1-1: Ball 2-1: Called Strike 2-2: Foul Ball, location: 2F 2-2: Foul Ball, location: 2F 2-2: Ground out 5-3 (Groundball, 56S)
|
Batting: RHB Henry Edwards
|
0-0: Ball 1-0: Ground out 6-3 (Groundball, 6)
|
Batting: SHB Dan Dunn
|
0-0: Ball 1-0: Called Strike 1-1: Foul Ball, location: 2F 1-2: Strikes out swinging
|
Bottom of the 9th over - 0 runs, 0 hits, 0 errors, 0 left on base; Key West 4 - Wichita 3 |
|